 Dungeon Crawl Stone Soup version 0.20.1-1-g8b1a95d (webtiles) character file.

1032 kaze the Cleaver (level 8, -6/71 HPs)
             Began as a Hill Orc Berserker on Sept 28, 2017.
             Was a Priest of Trog.
             Mangled by a gnoll
             ... wielding a +0 halberd
              (14 damage)
             ... on level 4 of the Dungeon.
             The game lasted 00:05:48 (3221 turns).

kaze the Cleaver (Hill Orc Berserker)               Turns: 3221, Time: 00:05:50

Health: -6/71      AC: 10    Str: 22    XL:     8   Next: 23%
Magic:  8/8        EV: 12    Int:  7    God:    Trog [***...]
Gold:   181        SH:  0    Dex: 10    Spells: 7/7 levels left

rFire    . . .     SeeInvis .   i - +1 falchion (holy)
rCold    . . .     Gourm    .   (no shield)
rNeg     . . .     Faith    .   p - +0 chain mail
rPois    .         Spirit   .   (no helmet)
rElec    .         Reflect  .   (no cloak)
rCorr    .         Harm     .   (no gloves)
MR       ++...                  (no boots)
Stlth    ..........             (no amulet)
Regen    1.3/turn               j - +3 ring of evasion
MPRegen  0.2/turn               n - +1 ring of protection

@: lethally poisoned (-6 -> -6), berserk cooldown, starving, regenerating,
slowed, very slow
A: no striking features
a: Berserk, Trog's Hand, Burn Spellbooks, Renounce Religion


You were on level 4 of the Dungeon.
You worshipped Trog.
Trog was most pleased with you.
You were starving.

You visited 1 branch of the dungeon, and saw 4 of its levels.

You collected 181 gold pieces.

Inventory:

Hand Weapons
 g - a +0 war axe
 i - a +1 falchion of holy wrath (weapon)
Armour
 p - a +0 chain mail (worn)
Jewellery
 j - a +3 ring of evasion (left hand)
 n - a +1 ring of protection (right hand)
Scrolls
 a - a scroll of enchant armour {unknown}
 b - a scroll of teleportation {unknown}
 e - 2 scrolls of magic mapping
 k - a scroll of blinking
Potions
 f - 2 potions of heal wounds
 h - a potion of haste
 m - 3 potions of flight
Comestibles
 c - a bread ration


   Skills:
 + Level 6.3 Fighting
 + Level 2.5 Long Blades
 + Level 9.1 Axes
 + Level 4.8 Armour
 + Level 2.5 Dodging
 + Level 0.1 Stealth


You had 7 spell levels left.
You didn't know any spells.

Dungeon Overview and Level Annotations

Branches:
Dungeon (4/15)
 Temple: D:4-7

Altars:
Dithmenos
Okawaru
Trog
Uskayaw
Xom

Shops:
D:4 (


Message History

You closely miss the gnoll.
You feel sick. The gnoll barely misses you.
You riposte.
You hit the gnoll.
The gnoll is moderately wounded.
The scorpion closely misses you.
You riposte.
You hit the scorpion but do no damage.
The scorpion is almost dead.
The gnoll hits you from afar with a halberd!
* * * LOW HITPOINT WARNING * * *
The scorpion stings you.
* * * LOW HITPOINT WARNING * * *
The gnoll hits you with a halberd.
* * * LOW HITPOINT WARNING * * *
You closely miss the gnoll.
The gnoll is moderately wounded.
You feel sick. The gnoll hits you but does no damage.
The scorpion stings you but does no damage.
The gnoll closely misses you.
You riposte.
You slash the gnoll!
The gnoll is almost dead.
The gnoll hits you from afar with a halberd!
You die...

.# #...........#.#
). .#
#.#....####...#
.## .###....#.#
##..# ..
.##..#.##.#####<.#
.
p##..#.##....###.#
.......#####.# #(#
.......# #.###.#
......(#
#...#.####...
.#####.#
#....@sZ..... .#
#...#
#...#.go#.... .#
#.###
#...#.#g..... .#
#.# #####.###....
.###.# #.. ...
.....# #.. ..
.....# #.## .
.....# ### ....>#


You could see a scorpion, 2 gnolls, an orc and a quokka skeleton.

Vanquished Creatures
  Pikel (D:4)
  A slave (D:4)
  An ogre (D:4)
  The ghost of othur the Poker, a weakling HOWr (D:3)
  2 hounds (D:4)
  2 orc priests (D:3)
  Natasha (D:2)
  A centaur skeleton (D:4)
  4 orc wizards (D:3)
  A worker ant (D:4)
  2 gnolls (D:4)
  3 adders
  2 worms
  2 dart slugs (D:1)
  3 leopard geckos
  6 orcs (D:3)
  4 giant cockroaches
  10 goblins
  7 hobgoblins
  3 jackals (D:1)
  A quokka (D:2)
  2 ball pythons
  5 bats
  6 frilled lizards
  8 kobolds
  7 rats
86 creatures vanquished.

Notes
Turn   | Place    | Note
-------+----------+-------------------------------------------
     0 | D:1      | kaze the Hill Orc Berserker began the quest for the Orb.
     0 | D:1      | Reached XP level 1. HP: 19/19 MP: 1/1
   233 | D:1      | Reached XP level 2. HP: 27/27 MP: 2/2
   778 | D:1      | Reached XP level 3. HP: 20/33 MP: 3/3
  1252 | D:2      | Found a shimmering altar of Xom.
  1267 | D:2      | Found a hide-covered altar of Uskayaw.
  1291 | D:2      | Found a faded altar of an unknown god.
  1311 | D:2      | Reached ** piety under Trog
  1455 | D:2      | Reached skill level 5 in Axes
  1643 | D:2      | Noticed Natasha
  1656 | D:2      | Killed Natasha
  1656 | D:2      | Reached XP level 4. HP: 39/41 MP: 4/4
  1700 | D:2      | Found a shadowy altar of Dithmenos.
  1703 | D:2      | Found an iron altar of Okawaru.
  1866 | D:3      | Found a bloodstained altar of Trog.
  1872 | D:3      | Reached XP level 5. HP: 42/47 MP: 5/5
  1999 | D:3      | Reached skill level 6 in Axes
  2004 | D:3      | Reached skill level 5 in Fighting
  2004 | D:3      | Reached XP level 6. HP: 35/56 MP: 6/6
  2107 | D:3      | Noticed othur's ghost (weakling HOWr)
  2116 | D:3      | Killed othur's ghost
  2221 | D:3      | Reached *** piety under Trog
  2221 | D:3      | Reached skill level 7 in Axes
  3018 | D:4      | Found Buime's Weapon Shop.
  3058 | D:4      | Reached XP level 7. HP: 36/61 MP: 7/7
  3099 | D:4      | Noticed Pikel
  3112 | D:4      | Killed Pikel
  3112 | D:4      | Reached skill level 9 in Axes
  3112 | D:4      | Reached XP level 8. HP: 69/70 MP: 8/8
  3221 | D:4      | Mangled by a gnoll

Skill      XL: |  1  2  3  4  5  6  7 |
---------------+----------------------+-----
Fighting       | 4 5 6 |  6.3
Axes           | 5 6 7 9 |  9.1
Dodging        | 2 |  2.5
Armour         | 3 4 |  4.8
Long Blades    | 2 |  2.5
Stealth        | |  0.1

Action                   |  1- 3 |  4- 6 |  7- 9 || total
-------------------------+-------+-------+-------++-------
Melee: Hand axe          |   149 |    25 |       ||   174
       War axe           |       |    55 |       ||    55
       Falchion          |       |    27 |    29 ||    56
Invok: Berserk           |     1 |     3 |     2 ||     6
       Trog's Hand       |     1 |     1 |     2 ||     4
  Use: Scroll            |       |     7 |     2 ||     9
       Potion            |       |     4 |       ||     4
  Eat: Chunk             |     2 |     9 |     1 ||    12
Armor: Animal skin       |    11 |       |       ||    11
       Chain mail        |    26 |    69 |    18 ||   113
Dodge: Dodged            |    74 |    84 |    34 ||   192
       Rpst.: Falchion   |       |    13 |    11 ||    24
